 Dungeon Crawl Stone Soup version 0.30.0-5-g1a98f26d00 (webtiles) character file.

Game seed: 9860787940562731541

1359 qeuew the Protected (level 8, -1/70 HPs)
             Began as a Minotaur Fighter on May 12, 2023.
             Was a Believer of Dithmenos.
             Slain by Maggie
             ... wielding a +2 long sword of distortion
              (16 damage)
             ... on level 8 of the Dungeon.
             The game lasted 00:04:17 (3535 turns).

qeuew the Protected (Minotaur Fighter)              Turns: 3535, Time: 00:04:17

Health: -1/70      AC:  8    Str: 22    XL:     8   Next: 37%
Magic:  7/7        EV: 11    Int:  5    God:    Dithmenos [**....]
Gold:   251        SH:  6    Dex: 11    Spells: 7/7 levels left

rFire   . . .        a - +1 war axe
rCold   . . .        c - +1 buckler
rNeg    . . .        b - +0 scale mail
rPois   .            (helmet restricted)
rElec   .            (no cloak)
rCorr   .            (no gloves)
SInv    .            (no boots)
Will    .....        g - amulet of regeneration Stlth
                     (no ring)
HPRegen 1.11/turn    (no ring)
MPRegen 0.10/turn

%: no passive effects
@: wreathed by umbra
A: horns 2, retaliatory headbutt
a: Renounce Religion, Shadow Step


You were on level 8 of the Dungeon.
You worshipped Dithmenos.
Dithmenos was pleased with you.
You visited 1 branch of the dungeon, and saw 7 of its levels.

You collected 251 gold pieces.

Inventory:

Hand Weapons
 a - a +1 war axe (weapon)
Armour
 b - a +0 scale mail (worn)
 c - a +1 buckler (worn)
Jewellery
 g - an amulet of regeneration (around neck)
 p - a ring of ice
 v - a ring of fire
Wands
 q - a wand of iceblast (5)
 s - a wand of paralysis (12)
Scrolls
 e - a scroll of fog
 i - 2 scrolls of fear
 j - a scroll of enchant armour
 k - 2 scrolls of enchant weapon
Potions
 d - 2 potions of might
 f - a potion of heal wounds
 h - 2 potions of flight
 l - 2 potions of invisibility
 m - a potion of mutation


   Skills:
 + Level 6.2 Fighting
 + Level 5.4 Axes
 * Level 8.0 Armour
 + Level 4.3 Dodging
 + Level 6.1 Shields


You had 7 spell levels left.
You didn't know any spells.
Your spell library contained the following spells:

 Spells                   Type           Power      Damage    Failure   Level
 Shock                    Conj/Air       0%         1d3       83%         1
 Ensorcelled Hibernation  Hex/Ice        0%         N/A       92%         2
 Inner Flame              Hex/Fire       0%         N/A       99%         3
 Portal Projectile        Hex/Tloc       0%         N/A       99%         3
 Spider Form              Tmut/Pois      0%         N/A       99%         3
 Swiftness                Air            0%         N/A       99%         3
 Airstrike                Air            0%         2d(0-16)  100%        4
 Anguish                  Hex/Necr       0%         N/A       100%        4
 Olgreb's Toxic Radiance  Pois           0%         N/A       100%        4
 Discord                  Hex            0%         N/A       100%        8
 Ignition                 Fire           0%         3d3       100%        8


Dungeon Overview and Level Annotations

Branches:
Dungeon (8/15)
 Temple: D:4-7         Lair: D:8-11

Altars:
Dithmenos
Elyvilon
Gozag
Kikubaaqudgha
Sif Muna
Xom
Zin
The Shining One

Annotations:
D:8 Maggie


Innate Abilities, Weirdness & Mutations

You have a pair of horns on your head.
You reflexively headbutt those who attack you in melee.


Message History

You closely miss the ice beast. You headbutt the ice beast!
The ice beast is almost dead.
You closely miss Maggie.
The ice beast hits you but does no damage.
Maggie casts a spell.
Maggie attempts to bespell you! You resist. The ice beast hits you.
The ice beast freezes you. Maggie hits you but does no damage.
You are too injured to fight recklessly!
Unknown command.
You are too injured to fight recklessly!
Unknown command.
You are too injured to fight recklessly!
Unknown command.
You slash Maggie! You headbutt Maggie!
Maggie is heavily wounded.
You barely miss the ice beast.
The ice beast hits you but does no damage.
Maggie gestures at you while chanting. The bolt of fire misses you.
Unknown command.
You slash the ice beast!
You kill the ice beast!
Dithmenos accepts your kill.
You hit Maggie.
Maggie hits you with a +2 long sword of distortion.
Space warps around you.
Your Armour skill increases to level 8!
You hit Maggie.
Maggie is severely wounded.
Maggie hits you with a +2 long sword of distortion!
Space warps around you.
* * * LOW HITPOINT WARNING * * *
Unknown command.
You closely miss Maggie.
Maggie is severely wounded.
You block Maggie's attack.
Maggie hits you with a +2 long sword of distortion!
* * * LOW HITPOINT WARNING * * *
Space warps horribly around you!
You die...

........##...#
#######.......
###...####.
#...### #
##########.###
#..........#
#.##########
#......##
#..@@...#
#.........#
#$........#
#....$....#
#...........
#..?......#.
#...........
#........≈≈≈


You could see Maggie (empowered).

Vanquished Creatures
  Sigmund (D:4)
  Duvessa (D:4)
  An orc warrior (D:5)
  A black bear (D:5)
  2 ice beasts
  A bullfrog (D:8)
  5 scorpions
  Dowan (D:4)
  A hound (D:5)
  Crazy Yiuf (D:3)
  An orc wizard (D:5)
  Robin (D:4)
  4 gnolls (D:4)
  5 adders
  A white imp (D:5)
  2 ufetubi
  2 dart slugs
  19 orcs
  8 endoplasms
  2 giant cockroaches
  15 goblins
  8 hobgoblins
  6 jackals (D:5)
  A quokka (D:5)
  9 ball pythons
  7 bats
  3 frilled lizards
  6 kobolds
115 creatures vanquished.

Notes
Turn   | Place    | Note
-------+----------+-------------------------------------------
     0 | D:1      | qeuew the Minotaur Fighter began the quest for the Orb.
     0 | D:1      | Reached XP level 1. HP: 19/19 MP: 0/0
   237 | D:1      | Reached XP level 2. HP: 27/27 MP: 1/1
   243 | D:1      | Reached skill level 4 in Armour
   800 | D:2      | Reached skill level 1 in Dodging
   800 | D:2      | Reached XP level 3. HP: 33/33 MP: 2/2
  1182 | D:3      | Found a runed translucent door.
  1183 | D:3      | Noticed Crazy Yiuf
  1228 | D:3      | Found a shadowy altar of Dithmenos.
  1438 | D:3      | Reached XP level 4. HP: 39/40 MP: 3/3
  1558 | D:3      | Became a worshipper of Dithmenos the Shadowed
  1990 | D:3      | Killed Crazy Yiuf
  2102 | D:4      | Noticed Robin
  2110 | D:4      | Reached * piety under Dithmenos
  2112 | D:4      | Killed Robin
  2113 | D:4      | Reached skill level 5 in Armour
  2113 | D:4      | Reached XP level 5. HP: 47/47 MP: 4/4
  2146 | D:4      | Noticed Sigmund
  2149 | D:4      | Found a white marble altar of Elyvilon.
  2157 | D:4      | Killed Sigmund
  2158 | D:4      | Reached XP level 6. HP: 43/53 MP: 5/5
  2205 | D:4      | Found a glowing golden altar of the Shining One.
  2284 | D:4      | Found a glowing silver altar of Zin.
  2292 | D:4      | Noticed Dowan
  2294 | D:4      | Noticed Duvessa
  2304 | D:4      | Killed Duvessa
  2305 | D:4      | Reached skill level 5 in Fighting
  2305 | D:4      | Reached skill level 6 in Armour
  2305 | D:4      | Reached skill level 5 in Shields
  2308 | D:4      | Killed Dowan
  2309 | D:4      | Reached XP level 7. HP: 27/61 MP: 6/6
  2619 | D:5      | Entered Level 5 of the Dungeon
  2735 | D:5      | Found an opulent altar of Gozag.
  2735 | D:5      | Found a shimmering altar of Xom.
  2736 | D:5      | Found a shimmering blue altar of Sif Muna.
  2749 | D:5      | Reached skill level 7 in Armour
  2749 | D:5      | Reached ** piety under Dithmenos
  2857 | D:5      | Reached skill level 5 in Axes
  2857 | D:5      | Reached XP level 8. HP: 70/70 MP: 7/7
  3024 | D:5      | Got the Treatise on Imprecation
  3161 | D:5      | Found an ancient bone altar of Kikubaaqudgha.
  3495 | D:6      | You fall into a shaft and drop 2 floors!
  3521 | D:8      | Noticed Maggie
  3534 | D:8      | Reached skill level 8 in Armour
  3535 | D:8      | Slain by Maggie

Illustrated notes

Levels and vault maps discovered:
D:1:      dpeg_arrival_arbitrary_c, layout_basic, hex_medium,
          amcnicky_mini_rare_corridor_liquid
D:2:      layout_rooms
D:3:      layout_loops_ring, mainiacjoe_overflow_alcove_1,
          uniq_crazy_yiuf_cottage
D:4:      layout_cave_pools, elyvilon_altar_3, overflow_temple_1_default,
          general_overflow_altar, uniq_duvessa, uniq_robin, uniq_sigmund
D:5:      layout_cave_pods, mainiacjoe_overflow_alcove_4,
          grunt_temple_overflow_open
D:6:      layout_basic, temple_doors_cd
D:8:      layout_rooms, mainiacjoe_overflow_catwalk, kennysheep_generic_room_15,
          uniq_maggie, uniq_psyche

Skill      XL: |  1  2  3  4  5  6  7  8 |
---------------+-------------------------+-----
Armour         | 4 5 6 7 8 |  8.0
Dodging        | 1 2 3 4 |  4.3
Fighting       | 4 5 6 |  6.2
Shields        | 4 5 6 |  6.1
Axes           | 3 4 5 |  5.4

Action                     |  1- 3 |  4- 6 |  7- 9 || total
---------------------------+-------+-------+-------++-------
  Melee: War axe           |    82 |    78 |    84 ||   244
         Headbutt          |     6 |     8 |    11 ||    25
    Use: Scroll            |    12 |     2 |     2 ||    16
         Potion            |     1 |     2 |     4 ||     7
 Armour: Scale mail        |    33 |    33 |    36 ||   102
  Dodge: Dodged            |    49 |    41 |    64 ||   154
  Block: Buckler           |    17 |    30 |    25 ||    72
